Map: Odyssey LE

Players

Stats - Winner!

  • Race: Protoss Protoss
  • Spawn Location: 11:00

TYTY (TY)

  • Race: Terran Terran
  • Spawn Location: 5:00

Event: 2017 WCS Global Finals

VOD

Have the link to the VOD?

Description

Time

  • Played on: Oct. 29, 2017, 2:57 p.m.
  • Length: 9:14

All games in this series

Show
View Real Time Build Order
Export as new Build Order

Stats Protoss - Winner!

Build Orders: Oracle Opening 

Get SALT Encoding   

  12  0:00  Probe (Chrono Boost)  
  13  0:11  Probe (Chrono Boost)  
  14  0:17  Pylon  
  14  0:22  Probe (Chrono Boost)  
  15  0:35  Gateway, Probe (Chrono Boost)  
  16  0:46  Probe (Chrono Boost)  
  16  0:47  Assimilator  
  17  0:56  Probe (Chrono Boost)  
  18  1:07  Probe (Chrono Boost)  
  19  1:17  Probe (Chrono Boost)  
  20  1:23  Zealot  
  20  1:24  Cybernetics Core  
  22  1:26  Assimilator  
  22  1:27  Pylon  
  22  1:28  Probe (Chrono Boost)  
  23  1:46  Probe (Chrono Boost)  
  24  1:56  Probe (Chrono Boost)  
  24  2:00  Adept (Chrono Boost)  
  27  2:08  Probe, Stargate  
  28  2:19  Warp Gate  
  28  2:20  Probe  
  29  2:25  Adept (Chrono Boost), Pylon  
  31  2:54  Oracle (Chrono Boost), Nexus  
  31  2:57  Probe  
  34  3:09  Probe  
  35  3:18  Pylon  
  35  3:21  Probe  
  35  3:25  Oracle (Chrono Boost)  
  39  3:34  Gateway  
  39  3:36  Probe  
  39  3:39  Gateway  
  40  3:48  Probe  
  41  4:01  Phoenix (Chrono Boost)  
  41  4:02  Probe  
  44  4:04  Probe  
  45  4:14  Probe  
  45  4:15  Probe  
  47  4:22  Phoenix (Chrono Boost)  
  49  4:24  Mothership Core  
  51  4:33  Probe  
  51  4:35  Pylon  
  52  4:44  Probe  
  52  4:46  Probe  
  54  4:55  Stalker x3  
  60  5:02  Probe  
  60  5:04  Probe  
  60  5:06  Pylon  
  62  5:08  Pylon  
  62  5:13  Probe  
  58  5:16  Probe (Chrono Boost)  
  58  5:19  Stalker x2  
  58  5:20  Stalker  
  66  5:26  Probe (Chrono Boost)  
  66  5:28  Probe (Chrono Boost)  
  68  5:37  Nexus  
  68  5:39  Pylon  
  68  5:41  Probe x2 (Chrono Boost)  
  66  5:50  Adept x3  
  66  5:53  Probe (Chrono Boost)  
  66  5:54  Probe (Chrono Boost)  
  74  6:06  Forge, Twilight Council  
  74  6:08  Probe x2 (Chrono Boost)  
  74  6:09  Assimilator  
  76  6:17  Robotics Facility  
  76  6:19  Probe x2 (Chrono Boost)  
  78  6:30  Adept x3  
  84  6:34  Gateway  
  84  6:36  Gateway  
  84  6:38  Resonating Glaives  
  84  6:43  Probe x2 (Chrono Boost)  
  84  6:46  Protoss Ground Weapons Level 1 (Chrono Boost)  
  86  6:51  Probe  
  86  6:53  Probe x2  
  89  7:02  Probe  
  89  7:05  Observer, Probe  
  89  7:06  Probe  
  92  7:12  Probe  
  92  7:16  Gateway x2  
  92  7:18  Probe x2  
  92  7:19  Gateway  
  94  7:23  Sentry x2  
  94  7:27  Probe  
  96  7:30  Probe x2  
  96  7:38  Sentry  
  96  7:40  Probe  
  96  7:42  Probe x2  
  99  7:48  Warp Prism (Chrono Boost)  
  101  7:52  Probe  
  101  7:54  Probe x2  
  104  7:59  Pylon  
  104  8:00  Pylon x2  
  104  8:02  Nexus, Pylon  
  104  8:05  Probe  
  105  8:06  Probe x2  
  105  8:08  Adept  
  109  8:13  Assimilator  
  109  8:15  Pylon  
  109  8:17  Assimilator  
  109  8:20  Adept x3  
  109  8:21  Adept  
  109  8:26  Adept x2  
  109  8:27  Adept  
  123  8:29  Probe x3  
  126  8:45  Adept x5  
  126  8:47  Adept x2  
  140  8:49  Adept  
  142  8:58  Pylon  
  142  8:59  Pylon  
  142  9:01  Pylon  
  134  9:11  Adept x7  
Show
View Real Time Build Order
Export as new Build Order

TYTY Terran 

Build Orders: Cyclone Opening 

Get SALT Encoding   

  12  0:00  SCV  
  13  0:12  SCV  
  14  0:17  Supply Depot  
  14  0:24  SCV  
  15  0:39  SCV  
  15  0:41  Barracks  
  16  0:45  Refinery  
  16  0:51  SCV  
  17  1:03  SCV  
  18  1:05  Refinery  
  18  1:15  SCV  
  19  1:28  Reaper  
  19  1:29  Orbital Command  
  20  1:37  Supply Depot  
  20  1:52  Factory  
  20  1:55  SCV  
  20  2:00  Reaper  
  22  2:03  Engineering Bay  
  22  2:07  SCV  
  23  2:19  SCV  
  24  2:34  SCV  
  24  2:36  Cyclone  
  28  2:37  Starport  
  28  2:42  Supply Depot  
  28  2:47  SCV  
  29  3:00  SCV  
  30  3:08  Cyclone  
  33  3:13  Starport Tech Lab  
  33  3:20  Command Center  
  33  3:25  Supply Depot  
  33  3:33  Cloaking Field  
  33  3:38  Banshee  
  36  3:44  Widow Mine  
  36  3:47  Supply Depot  
  38  3:50  SCV  
  38  4:03  SCV  
  38  4:13  Cyclone  
  38  4:15  SCV, Marine  
  43  4:21  Banshee  
  46  4:27  SCV  
  47  4:31  Orbital Command  
  46  4:40  SCV  
  46  4:45  Cyclone  
  50  4:52  SCV  
  51  4:54  Orbital Command  
  51  5:04  SCV, Banshee  
  55  5:17  SCV, Engineering Bay  
  53  5:21  SCV  
  57  5:29  SCV  
  57  5:32  Barracks  
  57  5:33  SCV  
  59  5:41  SCV  
  60  5:46  Missile Turret, SCV  
  60  5:47  Factory Tech Lab, Banshee  
  60  5:48  Barracks  
  58  5:53  SCV  
  59  6:00  SCV  
  59  6:04  Terran Infantry Weapons Level 1  
  60  6:05  SCV  
  60  6:06  Siege Tank  
  60  6:09  Missile Turret  
  60  6:10  Supply Depot  
  64  6:13  SCV  
  64  6:15  Refinery  
  65  6:21  Command Center  
  65  6:24  SCV  
  65  6:25  SCV  
  67  6:27  Barracks  
  67  6:35  Stimpack, Marine  
  67  6:36  Supply Depot  
  67  6:38  SCV  
  67  6:39  Refinery  
  69  6:41  Starport Reactor  
  69  6:51  Missile Turret, SCV  
  72  6:56  Barracks Reactor, Marine  
  72  6:58  SCV  
  74  7:03  Supply Depot  
  74  7:06  SCV  
  75  7:10  SCV  
  75  7:13  Marine  
  74  7:18  SCV  
  72  7:23  Barracks, SCV  
  72  7:25  Barracks  
  72  7:29  Factory Reactor  
  73  7:30  SCV, Starport Reactor  
  73  7:31  Marine  
  73  7:32  Marine x2  
  73  7:35  SCV  
  78  7:38  Marine x2  
  78  7:40  Orbital Command  
  78  7:42  SCV  
  78  7:47  SCV  
  78  7:49  Marine  
  80  7:52  Supply Depot, Marine x2  
  80  7:54  SCV  
  83  7:59  SCV  
  83  8:01  Missile Turret  
  83  8:04  Marine x2  
  86  8:07  Marauder, SCV  
  86  8:08  Orbital Command  
  86  8:11  Medivac x2, SCV  
  86  8:12  Widow Mine x2  
  96  8:14  Marine x2  
  96  8:15  Barracks Tech Lab  
  96  8:19  SCV  
  101  8:23  SCV, Marine x2  
  101  8:25  Marauder  
  106  8:29  Marauder  
  106  8:31  SCV, Armory  
  106  8:32  Engineering Bay  
  106  8:33  SCV  
  110  8:38  Supply Depot, SCV  
  110  8:39  Marine  
  110  8:40  Supply Depot, Marine  
  110  8:41  Marine  
  114  8:42  Supply Depot  
  114  8:45  Widow Mine  
  116  8:52  SCV  
  117  9:00  SCV  
Tags
 
Add a new tag
Caveats
  • Supply blocks, unpowered buildings, or Contaminate may cause inaccurate times.
  • Supply counts are checked every 10 seconds.